 Dungeon Crawl Stone Soup version 0.31-a0-841-g038b102fc3 (webtiles) character file.

Game seed: 18416519959394071032

835 Aneyh the Poker (level 7, -6/36 HPs)
             Began as a Tengu Monk on Sept 28, 2023.
             Was a Believer of Hepliaklqana.
             Mangled by Eustachio
             ... wielding a +5 rapier of speed
              (7 damage)
             ... on level 5 of the Dungeon.
             The game lasted 00:05:27 (3702 turns).

Aneyh the Poker (Tengu Monk)                        Turns: 3702, Time: 00:05:28

Health: -6/36      AC:  9    Str: 11    XL:     7   Next: 99%
Magic:  4/8        EV: 17    Int: 12    God:    Hepliaklqana [**....]
Gold:   342        SH:  0    Dex: 17    Spells: 3/6 levels left

rFire   . . .        h - +1 trident (protect)
rCold   + . .        (no shield)
rNeg    . . .        b - +0 robe
rPois   .            (helmet restricted)
rElec   .            (no cloak)
rCorr   .            (no gloves)
SInv    .            (boots unavailable)
Will    .....        (no amulet)
Stlth   ++           n - ring of protection from cold
HPRegen 0.26/turn    (no ring)
MPRegen 0.11/turn

%: acrobat
@: under a protective aura, flying
A: reduced essence, beak, talons 3, evasive flight, acrobatic
a: Renounce Religion, Recall Ancestor, Ancestor Identity


You were on level 5 of the Dungeon.
You worshipped Hepliaklqana.
Hepliaklqana was pleased with you.
You visited 2 branches of the dungeon, and saw 6 of its levels.

You collected 342 gold pieces.

Inventory:

Hand Weapons
 a - a +0 falchion
 h - a +1 trident of protection (weapon)
 o - a +2 dagger of electrocution
 s - the +1 mace of Laus {venom, Will+ Dex+5}
   (You found it on level 3 of the Dungeon)

   Dex+5:     It affects your dexterity (+5).
   Will+:     It increases your willpower.
Armour
 b - a +0 robe (worn)
 d - an orb of light
Jewellery
 n - a ring of protection from cold (left hand)
 r - an amulet of faith
 u - a ring of protection from fire
Wands
 f - a wand of paralysis (7)
Scrolls
 g - a scroll of teleportation {unknown}
 i - 3 scrolls of blinking {unknown}
 k - 2 scrolls of identify {unknown}
 l - a scroll of revelation {unknown}
 m - a scroll of poison {unknown}
 p - a scroll of immolation {unknown}
 t - a scroll of noise {unknown}
 w - a scroll of brand weapon {unknown}
Potions
 c - 2 potions of ambrosia
 e - 2 potions of might {unknown}
 j - 4 potions of curing {unknown}
 q - a potion of heal wounds {unknown}
 v - a potion of haste {unknown}
 x - a potion of degeneration {unknown}
 z - a potion of enlightenment {unknown}


   Skills:
 - Level 3.0 Fighting
 - Level 3.8 Long Blades
 + Level 7.4 Polearms
 - Level 3.2 Dodging
 - Level 4.5 Unarmed Combat
 * Level 2.4 Summonings


You had 3 spell levels left.
You knew the following spells:

 Your Spells              Type           Power      Damage    Failure   Level
a - Summon Guardian Gole  Hex/Summ       2%         N/A       52%         3

Your spell library contained the following spells:

 Spells                   Type           Power      Damage    Failure   Level
 Summon Small Mammal      Summ           20%        N/A       12%         1
 Apportation              Tloc           0%         N/A       32%         1
 Necrotise                Necr           0%         1d4       32%         1
 Jinxbite                 Hex            0%         N/A       45%         2
 Inner Flame              Hex/Fire       0%         N/A       69%         3
 Flame Wave               Conj/Fire      0%         2d4       97%         4
 Sticky Flame             Conj/Fire      0%         2d3       97%         4
 Alistair's Intoxication  Tmut/Pois      0%         N/A       100%        5
 Orb of Destruction       Conj           0%         9d5       100%        7
 Spellforged Servitor     Conj/Summ      1%         N/A       100%        7


Dungeon Overview and Level Annotations

Branches:
Dungeon (5/15)             Temple (1/1) D:5

Altars:
Dithmenos
Elyvilon
Gozag
Hepliaklqana
Kikubaaqudgha
Nemelex Xobeh
Okawaru
Qazlal
Ru
Sif Muna
Trog
Uskayaw
Wu Jian
Xom
Zin
The Shining One

Annotations:
D:5 Eustachio


Innate Abilities, Weirdness & Mutations

Your life essence is reduced to manifest your ancestor. (-10% HP)
You have a beak for a mouth.
You have claws for feet.
Your magical flight helps you evade attacks. (EV +4)
You can magically evade attacks while moving or waiting.


Message History

The quokka dies!
The quokka's corpse disappears in a puff of smoke!
The fiery explosion engulfs the quokka!!!
The quokka dies!
The quokka's corpse disappears in a puff of smoke!
You closely miss Eustachio. You claw Eustachio, but do no damage.
Eustachio is heavily wounded.
Eustachio closely misses you.
Unknown command.
You hit Eustachio.
Your weapon exudes an aura of protection.
You peck Eustachio.
Eustachio is severely wounded.
Eustachio hits you with a +5 rapier of speed.
You completely miss Eustachio. Your kick misses Eustachio.
You peck Eustachio, but do no damage.
Eustachio is severely wounded.
Eustachio barely misses you. x2
You hit Eustachio. Your kick misses Eustachio. Your peck misses Eustachio.
Eustachio is severely wounded.
Eustachio barely misses you.
You closely miss Eustachio. You claw Eustachio. Your peck misses Eustachio.
Eustachio is severely wounded.
Eustachio gestures wildly while chanting.
You hit Eustachio. You peck Eustachio, but do no damage.
You punch Eustachio, but do no damage.
Eustachio is almost dead.
Eustachio hits you with a +5 rapier of speed.
You hit Eustachio. Your kick misses Eustachio. Your peck misses Eustachio.
Eustachio is almost dead.
The white imp gestures at you. The puff of frost misses you.
The puff of frost misses Eustachio.
A phantom comes into view.
Eustachio hits you with a +5 rapier of speed.
* * * LOW HITPOINT WARNING * * *
The iron imp hits you.
* * * LOW HITPOINT WARNING * * *
Eustachio hits you with a +5 rapier of speed!
You die...
Eustachio twirls his moustache.

### #......#...._.#.#...
..# #......#............
#.# ######.#....#...##..
######.#
#............###..
#.....5#####
#........#..## #.)
#.....R'...# #........#..#
###
#......###W############.##
#......#
#○r5@5#.....##.#####
#......#
#####@#.....##.....#
#......#
#.5.)...##.....###
#......#
###...............
#......# #......#.......#
..........#
#.....>#......#.
..........#
#......#.....#.#
..?.......#
#......##.....#.
..........#
#......##....#.#
....[.....#
.........+.....#.


You could see Eustachio, a phantom, an iron imp (summoned), a white imp
(summoned), a shadow imp (summoned) and a quokka (summoned).

Vanquished Creatures
  Prince Ribbit (D:5)
  An ice beast (D:5)
  A phantom (D:5)
  2 scorpions
  3 hounds
  An orc priest (D:5)
  An iguana (D:5)
  2 orc wizards (D:4)
  Robin (D:2)
  A howler monkey skeleton (D:3)
  4 adders
  3 dart slugs
  7 orcs
  6 bats
  6 endoplasms
  4 giant cockroaches
  14 goblins
  4 hobgoblins
  4 jackals (D:4)
  6 kobolds
  A quokka (D:2)
  4 ball pythons
  2 ball python skeletons (D:3)
  A ball python zombie (D:3)
  2 frilled lizards
  10 rats
92 creatures vanquished.

Vanquished Creatures (collateral kills)
  A jelly (D:5)
1 creature vanquished.

Vanquished Creatures (others)
  A knight (D:5)
1 creature vanquished.

Grand Total: 94 creatures vanquished

Notes
Turn   | Place    | Note
-------+----------+-------------------------------------------
     0 | D:1      | Aneyh the Tengu Monk began the quest for the Orb.
     0 | D:1      | Reached XP level 1. HP: 14/14 MP: 2/2
    65 | D:1      | You fall into a shaft and drop 1 floor!
   257 | D:1      | Reached XP level 2. HP: 19/19 MP: 3/3
   305 | D:1      | Reached skill level 1 in Unarmed Combat
   926 | D:2      | Reached XP level 3. HP: 23/23 MP: 4/4
   953 | D:2      | Noticed Robin
   966 | D:2      | Killed Robin
  1269 | D:2      | Reached XP level 4. HP: 26/28 MP: 5/5
  1767 | D:3      | Identified the +1 mace of Laus {venom, Will+ Dex+5}
  1984 | D:3      | Reached XP level 5. HP: 32/32 MP: 6/6
  2233 | D:4      | Reached skill level 1 in Polearms
  2285 | D:4      | Reached skill level 2 in Polearms
  2432 | D:4      | Reached skill level 3 in Polearms
  2432 | D:4      | Reached XP level 6. HP: 37/37 MP: 7/7
  2637 | D:4      | Reached skill level 4 in Polearms
  2658 | D:5      | Entered Level 5 of the Dungeon
  3138 | D:5      | Found a staircase to the Ecumenical Temple.
  3160 | Temple   | Entered the Ecumenical Temple
  3232 | Temple   | Became a worshipper of Hepliaklqana the Forgotten
  3232 | Temple   | Reached * piety under Hepliaklqana
  3232 | Temple   | Reached ** piety under Hepliaklqana
  3233 | Temple   | Remembered your ancestor Æthelred as a knight
  3245 | D:5      | Reached skill level 5 in Polearms
  3287 | D:5      | Found a shadowy altar of Dithmenos.
  3307 | D:5      | Gained mutation: Your magical flight helps you evade
                  | attacks. (EV +4) [Tengu growth]
  3307 | D:5      | Reached XP level 7. HP: 31/36 MP: 8/8
  3345 | D:5      | Reached skill level 6 in Polearms
  3353 | D:5      | Learned a level 3 spell: Summon Guardian Golem
  3362 | D:5      | Noticed Prince Ribbit
  3363 | D:5      | Found a white marble altar of Elyvilon.
  3388 | D:5      | Killed Prince Ribbit
  3389 | D:5      | Reached skill level 7 in Polearms
  3625 | D:5      | Noticed Eustachio
  3702 | D:5      | HP: 1/36 [iron imp[Eustachio] (6)]
  3702 | D:5      | Mangled by Eustachio

Illustrated notes

Levels and vault maps discovered:
D:1:      nicolae_arrival_somewhat_less_tricky_arrival, layout_loops_ring
D:2:      layout_loops_corners, st_stairs_3, chequers_avenue, uniq_robin
D:3:      layout_rooms, serial_undead, serial_undead_f, serial_undead_d,
          serial_undead_a, serial_undead_e, minmay_cut_off
D:4:      layout_cave_pods, minitemple
D:5:      layout_basic, mainiacjoe_overflow_chevrons,
          mainiacjoe_overflow_tiny_flanked, minmay_temple_entry_grid,
          uniq_eustachio, uniq_prince_ribbit1
Temple:   eino_narrow_crystal_temple

Skill      XL: |  1  2  3  4  5  6  7 |
---------------+----------------------+-----
Unarmed Combat | 2 3 4 |  4.5
Polearms       | 3 5 7 |  7.4
Summonings     | 2 |  2.4
Fighting       | |  3.0
Long Blades    | |  3.8
Dodging        | |  3.2

Action                     |  1- 3 |  4- 6 |  7- 9 || total
---------------------------+-------+-------+-------++-------
  Melee: Falchion          |     7 |       |       ||     7
         Trident           |    70 |   150 |    45 ||   265
         Kick              |    12 |    38 |    17 ||    67
         Peck              |     5 |    20 |    10 ||    35
         Punch             |       |       |     1 ||     1
   Cast: Summon Guardian G |       |       |     3 ||     3
 Invoke: Ancestor Life: Kn |       |     1 |       ||     1
   Stab: Sleeping          |     7 |     2 |       ||     9
 Armour: Robe              |    27 |    74 |    21 ||   122
  Dodge: Dodged            |    49 |   100 |    28 ||   177

Table legend: (Time is in decaauts)
 A = Elapsed time spent in this place.
 B = Non-inter-level travel time spent in this place.
 C = Inter-level travel time spent in this place.
 D = Time resting spent in this place.
 E = Time spent auto-exploring this place.
 F = Levels seen in this place.
 G = Mean time per level.
                   A        B        C        D        E       F      G
               +--------+--------+--------+--------+--------+-----+--------+
         Total |   3754 |   3697 |     57 |    340 |   2639 |   6 |  625.7 |
       Dungeon |   3672 |   3629 |     43 |    276 |   2639 |   5 |  734.4 |
        Temple |     81 |     67 |     14 |     64 |      0 |   1 |   81.0 |
               +--------+--------+--------+--------+--------+-----+--------+

Top non-repeatable levels by time:
     D:2: 1001 daAuts
     D:5: 962 daAuts
     D:1: 726 daAuts
     D:3: 504 daAuts
     D:4: 478 daAuts
  Temple: 81 daAuts
